 Dungeon Crawl Stone Soup version 0.17-a0-2122-g03d97ec (webtiles) character file.

126 Menchi the Chopper (level 5, -1/39 HPs)
             Began as a Human Wanderer on Oct 21, 2015.
             Killed from afar by Natasha (3 damage)
             ... with a wand of magic darts
             ... on level 2 of the Dungeon.
             The game lasted 00:17:47 (2057 turns).

Menchi the Chopper (Human Wanderer)                 Turns: 2057, Time: 00:17:47

Health: -1/39      AC:  6    Str: 12    XL:     5   Next: 32%
Magic:  7/7        EV: 10    Int: 14    God:
Gold:   131        SH:  0    Dex: 12    Spells: 2 memorised, 3 levels left

rFire  . . .     SeeInvis .     q - +2 rapier (holy)
rCold  . . .     Clarity  .     h - +1 ring mail {rN+}
rNeg   + . .     SustAt   .     (no shield)
rPois  .         Gourm    .     (no helmet)
rElec  .         Spirit   .     (no cloak)
rCorr  .         Warding  .     (no gloves)
rMut   .         Stasis   .     (no boots)
MR     .....                    (no amulet)
Stlth  +.........               (no ring)
                                (no ring)

@: very slightly contaminated, invisible, not resistant to hostile enchantments,
very unstealthy
A: no striking features
a: no special abilities


You were on level 2 of the Dungeon.
You were not hungry.

You visited 1 branch of the dungeon, and saw 3 of its levels.

You collected 131 gold pieces.

Inventory:

Hand Weapons
 b - a +0 hand crossbow
 d - a +0 hand axe
 q - a +2 rapier of holy wrath (weapon)
 s - a +0 hand axe
Missiles
 c - 25 bolts
Armour
 h - a +1 ring mail of positive energy (worn)
Wands
 e - a wand of invisibility (2)
Scrolls
 l - a scroll of magic mapping
Potions
 g - a potion of curing
 j - a potion of flight {unknown}
 m - 2 potions of cancellation {unknown}
 n - a potion of poison {unknown}
 o - a potion of magic {unknown}
 p - 2 potions of heal wounds {unknown}
 r - a potion of lignification {unknown}
Books
 a - a Young Poisoner's Handbook

   Spells                             Type                      Level
   a - Sting                          Conjuration/Poison           1
   b - Cure Poison                    Poison                       2
   c - Mephitic Cloud                 Conjuration/Poison/Air       3
   d - Olgreb's Toxic Radiance        Poison                       4
   e - Venom Bolt                     Conjuration/Poison           5
Comestibles
 f - 2 bread rations
 i - a slice of pizza
 k - 2 royal jellies


   Skills:
 + Level 2.7 Fighting
 * Level 0.2 Short Blades
 - Level 3.8 Axes
 - Level 0.2 Crossbows
 + Level 1.8 Dodging
 + Level 1.2 Stealth
 * Level 1.8 Spellcasting
 * Level 2.6 Poison Magic
 + Level 1.0 Evocations


You had 3 spell levels left.
You knew the following spells:

 Your Spells              Type           Power        Failure   Level  Hunger
a - Sting                 Conj/Pois      #...         34%         1    ##.....
b - Mephitic Cloud        Conj/Pois/Air  #.......     95%         3    ####...


Dungeon Overview and Level Annotations

Branches:
Dungeon (3/15)

Altars:
Qazlal
Xom

Annotations:
D:2 Natasha


Message History

You climb upwards.
There is a stone staircase leading down here.
Read which item? (? for menu, Esc to quit)
Okay, then.
Eat which item? (? for menu, Esc to quit)
Okay, then.
Read which item? (? for menu, Esc to quit)
Okay, then.
Evoke which item? (* to show all) (? for menu, Esc to quit)
Zapping:
e - a wand of invisibility (will waste charges)
Press: ? - help, Shift-Dir - straight line, f - you You fade into invisibility!
You are very lightly contaminated with residual magic.
Evoking this partially-identified wand wasted a few charges.
Natasha barely misses you.
Natasha zaps a wand.
The magic dart hits you!
* * * LOW HITPOINT WARNING * * *
You see here a spear.
Natasha zaps a wand.
The magic dart hits you!
You die...

#........##...### #..#######..
####..###.......##
###...........
#.....###...##..##(....#######..
#.........####.....##### ###<.#
###..####...##....### #...#.
#..# ###......... ## #.##[. #..#
#..##....#...# ##.##.. #..#
##..##.....# ..).... #..#
#....##@##.# # ####... ##.#
#..).##).#.###.#### ##.. #.
##.....>.#.......... #.. #.#
#>.#.h.....#....... #.. #.#
#####(.....#....... ##. ##.#
##....................
#..######..###....#..........#
#..##.....## ##.........<..##
#..#.......## #...#.####..#


You could see Natasha.

Vanquished Creatures
  Ijyb (D:3)
  Natasha (D:3)
  2 adders
  A worm (D:3)
  A giant gecko (D:3)
  An orc (D:3)
  A ball python (D:2)
  9 bats
  2 giant cockroaches
  8 goblins
  3 hobgoblins
  3 jackals (D:1)
  6 kobolds
  2 quokkas
  A giant newt (D:2)
  6 rats
48 creatures vanquished.

Notes
Turn   | Place    | Note
--------------------------------------------------------------
     0 | D:1      | Menchi the Human Wanderer began the quest for the Orb.
     0 | D:1      | Menchi set off with: a Young Poisoner's Handbook, a +0 hand crossbow, 23 bolts, a +0 hand axe, a +0 robe, a bread ration
     0 | D:1      | Reached XP level 1. HP: 16/16 MP: 2/2
     2 | D:1      | Learned a level 1 spell: Sting
    54 | D:1      | Reached XP level 2. HP: 19/22 MP: 3/3
   466 | D:2      | Reached XP level 3. HP: 27/27 MP: 4/4
   613 | D:2      | Found a stormy altar of Qazlal.
  1123 | D:3      | Reached XP level 4. HP: 34/34 MP: 5/5
  1194 | D:3      | Learned a level 3 spell: Mephitic Cloud
  1223 | D:3      | Noticed Natasha
  1246 | D:3      | Killed Natasha
  1246 | D:3      | Reached skill level 1 in Dodging
  1843 | D:3      | Noticed Ijyb
  1865 | D:3      | Killed Ijyb
  1865 | D:3      | Reached XP level 5. HP: 30/39 MP: 7/7
  1960 | D:3      | Found a shimmering altar of Xom.
  2041 | D:3      | Noticed Natasha
  2056 | D:2      | HP: 1/39 [Natasha/wand of magic darts (5)]
  2057 | D:2      | Killed from afar by Natasha

Vault maps used:
D:1:      eino_arrival_cavern_b
D:2:      lemuel_doored_altar, serial_corexii_hall, corexii_hall_statues_l,
          corexii_hall_statues_u
D:3:      lemuel_round_altar, kennysheep_nondescript, uniq_natasha, uniq_iyjb

Action                   |  1- 3 |  4- 6 || total
-------------------------+-------+-------++-------
Melee: Rapier            |       |    50 ||    50
 Fire: Hand crossbow     |    83 |    21 ||   104
 Cast: Sting             |     1 |       ||     1
       Mephitic Cloud    |       |     1 ||     1
Evoke: Wand              |       |     1 ||     1
  Use: Scroll            |     6 |       ||     6
       Potion            |       |     1 ||     1
  Eat: Meat ration       |     1 |       ||     1
